 Dungeon Crawl Stone Soup version 0.23.2-1-ga50397a6bc (webtiles) character file.

Game seed: 10265621635219656288

124 Kobolds4U the Ducker (level 4, -2/35 HPs)
             Began as a Demonspawn Berserker on Apr 25, 2019.
             Was a Believer of Trog.
             Slain by a killer bee zombie (4 damage)
             ... on level 3 of the Dungeon.
             The game lasted 00:04:57 (2942 turns).

Kobolds4U the Ducker (Demonspawn Berserker)         Turns: 2942, Time: 00:04:58

Health: -2/35      AC:  4    Str: 18    XL:     4   Next: 81%
Magic:  4/4        EV: 11    Int:  8    God:    Trog [**....]
Gold:   18         SH:  3    Dex: 13    Spells: 3/3 levels left

rFire    . . .     SeeInvis .   a - +0 falchion
rCold    . . .     Gourm    .   g - +0 buckler
rNeg     . . .     Faith    .   e - +0 leather armour
rPois    .         Spirit   .   (no helmet)
rElec    .         Reflect  .   o - +0 cloak
rCorr    .         Harm     .   (no gloves)
MR       .....                  (boots unavailable)
Stlth    +.........             (no amulet)
HPRegen  0.11/turn              j - ring of flight
MPRegen  0.09/turn              (no ring)

@: heavily drained
A: talons 3
a: Berserk, Trog's Hand, Renounce Religion, Evoke Flight


You were on level 3 of the Dungeon.
You worshipped Trog.
Trog was pleased with you.
You were not hungry.

You visited 1 branch of the dungeon, and saw 3 of its levels.

You collected 18 gold pieces.

Inventory:

Hand Weapons
 a - a +0 falchion (weapon)
Armour
 b - a +0 animal skin
 e - a +0 leather armour (worn)
 g - a +0 buckler (worn)
 o - a +0 cloak (worn)
Jewellery
 i - an uncursed ring of fire
 j - a ring of flight (left hand)
 k - an uncursed amulet of harm
Scrolls
 f - 3 scrolls of identify {unknown}
 h - 2 scrolls of teleportation {unknown}
 m - a scroll of amnesia {unknown}
Potions
 d - a potion of magic {unknown}
 l - a potion of mutation {unknown}
 p - a potion of degeneration {unknown}
Comestibles
 c - 6 rations
 n - 4 chunks of flesh


   Skills:
 + Level 3.1(1.7) Fighting
 + Level 3.5(2.1) Long Blades
 - Level 2.0(0.6) Armour
 * Level 3.7(2.3) Dodging


You had 3 spell levels left.
You didn't know any spells.
Your spell library was empty.

Dungeon Overview and Level Annotations

Branches:
Dungeon (3/15)

Altars:
Dithmenos
Elyvilon
Gozag
Qazlal
Ru
Trog


Innate Abilities, Weirdness & Mutations

You have claws for feet.


Message History

You are too injured to fight recklessly!
Unknown command.
You hit the killer bee zombie. You claw the killer bee zombie.
The killer bee zombie is almost destroyed.
You block the killer bee zombie's attack.
The killer bee zombie barely misses you.
The crimson imp grins evilly.
The hobgoblin misses you.
You riposte.
You hit the hobgoblin. Your kick misses the hobgoblin.
The hobgoblin is moderately wounded.
You hit the killer bee zombie. Your kick misses the killer bee zombie.
The killer bee zombie is almost destroyed.
The killer bee zombie hits you. x2
* * * LOW HITPOINT WARNING * * *
The hobgoblin hits you.
* * * LOW HITPOINT WARNING * * *
The killer bee zombie hits you.
* * * LOW HITPOINT WARNING * * *
The killer bee zombie hits you.
You die...

####.รท..#......
..........#......
.................
......##..##.....
......##..# ....
#.####....# ###
#.####....#
#####.
........###......
####....@........
#....#Z....?..
#......g......
#.........<...
#####.........
......5...
#..........
#..#....... ##.
.#####.


You could see a crimson imp, a killer bee zombie and a hobgoblin.

Vanquished Creatures
  2 gnolls (D:1)
  4 adders (D:2)
  An ooze (D:1)
  A worm (D:2)
  4 dart slugs
  3 ball pythons
  7 bats
  A giant cockroach (D:1)
  4 goblins
  5 hobgoblins
  10 jackals
  4 kobolds
  A frilled lizard (D:2)
  4 rats
51 creatures vanquished.

Notes
Turn   | Place    | Note
-------+----------+-------------------------------------------
     0 | D:1      | Kobolds4U the Demonspawn Berserker began the quest for the
                  | Orb.
     0 | D:1      | Reached XP level 1. HP: 18/18 MP: 1/1
   312 | D:1      | Gained mutation: You have sharp toenails. [demonic
                  | ancestry]
   312 | D:1      | Reached XP level 2. HP: 24/24 MP: 2/2
   735 | D:1      | Gained mutation: You have razor-sharp toenails. [demonic
                  | ancestry]
   735 | D:1      | Reached XP level 3. HP: 22/29 MP: 3/3
  1423 | D:2      | Reached ** piety under Trog
  1431 | D:2      | Gained mutation: You have claws for feet. [demonic
                  | ancestry]
  1431 | D:2      | Reached XP level 4. HP: 21/35 MP: 4/4
  1692 | D:2      | Found a sacrificial altar of Ru.
  2327 | D:2      | Found a shadowy altar of Dithmenos.
  2446 | D:2      | Found an opulent altar of Gozag.
  2446 | D:2      | Found a bloodstained altar of Trog.
  2446 | D:2      | Found a stormy altar of Qazlal.
  2686 | D:2      | Found a white marble altar of Elyvilon.
  2942 | D:3      | Slain by a killer bee zombie

Skill      XL: |  1  2  3 |
---------------+----------+-----
Dodging        | 2 3 |  3.7
Long Blades    | 3 |  3.5
Armour         | 2 |  2.0
Fighting       | |  3.1

Action                   |  1- 3 |  4- 6 || total
-------------------------+-------+-------++-------
Melee: Falchion          |    73 |    59 ||   132
       Kick              |    23 |    15 ||    38
 Stab: Distracted        |     1 |       ||     1
  Eat: Chunk             |     2 |     4 ||     6
Armor: Animal skin       |     2 |       ||     2
       Leather armour    |    24 |     9 ||    33
Dodge: Dodged            |    61 |    45 ||   106
Block: Buckler           |     7 |    13 ||    20
       Rpst.: Falchion   |    17 |    11 ||    28
